 Dungeon Crawl Stone Soup version 0.29-a0-218-gf2abdc9806 (webtiles) character file.

Game seed: 6005273927125464187

369 Colgate the Conjurer (level 6, -1/41 HPs)
             Began as a Demonspawn Conjurer on Feb 25, 2022.
             Was an Initiate of Gozag.
             Slain by an ogre
             ... wielding a +0 giant club
              (6 damage)
             ... on level 3 of the Dungeon.
             The game lasted 00:13:59 (4747 turns).

Colgate the Conjurer (Demonspawn Conjurer)          Turns: 4747, Time: 00:14:00

Health: -1/41      AC:  4    Str:  4 (7)  XL:     6   Next: 41%
Magic:  0/11       EV: 11    Int: 20 (22) God:    Gozag
Gold:   372        SH:  0    Dex:  8 (11) Spells: 4/11 levels left

rFire   . . .      SeeInvis .   n - +2 short sword (elec)
rCold   . . .      Faith    .   (no shield)
rNeg    . . .      Spirit   +   a - +2 robe
rPois   .          Reflect  .   (helmet restricted)
rElec   .          Harm     .   (no cloak)
rCorr   .          Rampage  .   (no gloves)
Will    .....                   (no boots)
Stlth   +.........              (no amulet)
HPRegen 0.13/turn               (no ring)
MPRegen 0.24/turn               (no ring)

@: very slightly contaminated, slowed, very slow
A: antennae 2, ignite blood 1, magic shield, magic regeneration
a: Renounce Religion, Potion Petition, Call Merchant, Bribe Branch


You were on level 3 of the Dungeon.
You worshipped Gozag.
Gozag was aware of your devotion.
You visited 1 branch of the dungeon, and saw 4 of its levels.

You collected 372 gold pieces.

Inventory:

Hand Weapons
 e - a +0 spear
 n - a +2 short sword of electrocution (weapon)
Armour
 a - a +2 robe (worn)
Magical Staves
 m - a staff of fire
Wands
 c - a wand of acid (2) {@v1}
Scrolls
 f - a scroll of vulnerability {unknown}
 i - a scroll of magic mapping {unknown}
 j - a scroll of identify {unknown}
 k - a scroll of teleportation {unknown}
 l - a scroll of torment {unknown}
Potions
 p - a potion of lignification {unknown}


   Skills:
 - Level 1.7 Dodging
 - Level 1.7 Stealth
 - Level 3.3 Spellcasting
 + Level 6.7 Conjurations
 - Level 2.1 Hexes


You had 4 spell levels left.
You knew the following spells:

 Your Spells              Type           Power      Damage    Failure   Level
a - Magic Dart            Conj           100%       1d8       1%          1
b - Searing Ray           Conj           60%        2d6       1%          2
c - Fulminant Prism       Conj/Hex       10%        3d9       22%         4

Your spell library contained the following spells:

 Spells                   Type           Power      Damage    Failure   Level
 Dazzling Flash           Conj/Hex       42%        N/A       7%          3
 Iskenderun's Mystic Bla  Conj/Tloc      16%        2d5       34%         4


Dungeon Overview and Level Annotations

Branches:
Dungeon (4/15)
 Temple: D:4-7

Altars:
Fedhas
Gozag

Shops:
D:2 (

Annotations:
D:4 Grinder


Innate Abilities, Weirdness & Mutations

You have a pair of antennae on your head.
Your demonic aura sometimes causes spilled blood to erupt in flames.
When hurt, damage is shared between your health and your magic reserves.
You regenerate magic rapidly.


Message History

The ogre barely misses you. x2
There is a stone staircase leading up here.
You climb upwards.
There is a stone staircase leading down here.
Casting: Fulminant Prism (quite dangerous; 22% risk of failure)
Aiming: Fulminant Prism (quite dangerous; 22% risk of failure)
You conjure a prism of explosive energy!
A fulminant prism comes into view.
The ogre hits you with a +0 giant club!
Your fulminant prism crackles loudly.
Your fulminant prism explodes!
The blast of energy engulfs the ogre!
Casting: Fulminant Prism (quite dangerous; 22% risk of failure)
Aiming: Fulminant Prism (quite dangerous; 22% risk of failure)
You conjure a prism of explosive energy!
A fulminant prism comes into view.
The ogre barely misses you.
Your fulminant prism crackles loudly.
Your fulminant prism explodes!
The blast of energy engulfs the ogre!
The ogre hits you with a +0 giant club!!
Ouch! That really hurt!
* * * LOW HITPOINT WARNING * * *
Casting: Fulminant Prism (quite dangerous; 22% risk of failure)
You don't have enough magic to cast this spell.
Aiming: Corrosive Bolt
Aim: an ogre, wielding a +0 giant club (severely wounded, 86% to hit)
Okay, then.
Unknown command.
Unknown command.
Casting: Fulminant Prism (quite dangerous; 22% risk of failure)
Aiming: Fulminant Prism (quite dangerous; 22% risk of failure)
You miscast Fulminant Prism.
You are very lightly contaminated with residual magic.
You feel a strange surge of energy.
You feel yourself slow down. The ogre hits you with a +0 giant club.
* * * LOW HITPOINT WARNING * * *
You hit the ogre. The ogre hits you with a +0 giant club!
You die...
Your body crumbles into a pile of gold.

#.#........# #.#.##.#
#.###......# #.#....#
#.#...###### #.#######
#.#...###########......#.
#.#<..##...............#.
#.##..##.###############.
#...................#....
###.......###.........###
#.....@.# #.........#
#......O###.........#
#...................#
#.......###.........#
#.......# #.........#
#.......# #.........#
#.......# #.........#
#.......# #.......).#
#.......# #.........###


You could see an ogre.

Vanquished Creatures
  A black bear (D:3)
  A scorpion (D:4)
  A hound (D:4)
  Terence (D:3)
  An orc wizard (D:3)
  Ijyb (D:4)
  Robin (D:3)
  An adder (D:4)
  5 worms
  2 dart slugs
  3 orcs (D:3)
  5 endoplasms
  4 giant cockroaches
  8 goblins
  8 hobgoblins
  3 kobolds
  3 quokkas
  4 ball pythons
  5 bats
  3 frilled lizards
  4 rats
65 creatures vanquished.

Vanquished Creatures (others)
  10 fulminant prisms
10 creatures vanquished.

Grand Total: 75 creatures vanquished

Notes
Turn   | Place    | Note
-------+----------+-------------------------------------------
     0 | D:1      | Colgate the Demonspawn Conjurer began the quest for the
                  | Orb.
     0 | D:1      | Reached XP level 1. HP: 13/13 MP: 3/3
   464 | D:1      | Gained mutation: You regenerate magic rapidly. [demonic
                  | ancestry]
   464 | D:1      | Reached XP level 2. HP: 19/19 MP: 3/5
   470 | D:1      | Learned a level 2 spell: Searing Ray
   944 | D:1      | Found a faded altar of an unknown god.
  1056 | D:1      | Prayed at the altar of an unknown god.
  1056 | D:1      | Became a worshipper of Gozag Ym Sagoz the Greedy
  1403 | D:2      | Found a blossoming altar of Fedhas.
  1593 | D:2      | Reached skill level 5 in Conjurations
  1637 | D:2      | Gained mutation: When hurt, damage is shared between your
                  | health and your magic reserves. [demonic ancestry]
  1637 | D:2      | Reached XP level 3. HP: 24/24 MP: 6/6
  2369 | D:2      | Found Adurof's Weapon Shoppe.
  2678 | D:3      | Noticed Robin
  2755 | D:3      | Killed Robin
  2756 | D:3      | Gained mutation: You have a pair of small antennae on your
                  | head. [demonic ancestry]
  2756 | D:3      | Reached XP level 4. HP: 9/30 MP: 3/7
  3007 | D:3      | Learned a level 4 spell: Fulminant Prism
  3089 | D:3      | Reached skill level 6 in Conjurations
  3244 | D:3      | Noticed Terence
  3276 | D:3      | Killed Terence
  3277 | D:3      | Reached skill level 1 in Hexes
  3484 | D:3      | Gained mutation: You have a pair of antennae on your head.
                  | [demonic ancestry]
  3484 | D:3      | Reached XP level 5. HP: 35/35 MP: 5/8
  3864 | D:4      | Noticed Ijyb
  3928 | D:4      | Noticed a black bear
  4010 | D:3      | Killed a black bear
  4287 | D:4      | Gained mutation: Your demonic aura sometimes causes spilled
                  | blood to erupt in flames. [demonic ancestry]
  4287 | D:4      | Reached XP level 6. HP: 12/41 MP: 1/11
  4289 | D:4      | Killed Ijyb
  4320 | D:4      | Noticed Grinder
  4664 | D:4      | Noticed an ice beast
  4747 | D:3      | Slain by an ogre

Illustrated notes

Levels and vault maps discovered:
D:1:      noname_arrival_rooms_in_the_neighbourhood, layout_loops_ring,
          hellmonk_ecumenical_altar_inner_sanctum
D:2:      layout_basic, serial_shops, nicolae_shop_hallway_stairs, basic_altar
D:3:      layout_basic, grunt_ministairs_14, amcnicky_mini_pool_small,
          uniq_terence, uniq_robin
D:4:      layout_cave_pools, uniq_ijyb, uniq_grinder

Skill      XL: |  1  2  3  4  5 |
---------------+----------------+-----
Conjurations   | 5 6 |  6.7
Hexes          | 1 2 |  2.1
Spellcasting   | 3 |  3.3
Dodging        | |  1.7
Stealth        | |  1.7

Action                   |  1- 3 |  4- 6 || total
-------------------------+-------+-------++-------
Melee: Spear             |    26 |       ||    26
       Short sword       |       |     4 ||     4
 Cast: Magic Dart        |    45 |    26 ||    71
       Searing Ray       |    13 |    13 ||    26
       Fulminant Prism   |       |    10 ||    10
  Use: Scroll            |       |     6 ||     6
       Potion            |       |     2 ||     2
 Stab: Sleeping          |     1 |       ||     1
Armor: Robe              |     1 |     2 ||     3
Dodge: Dodged            |     6 |    27 ||    33

Table legend: (Time is in decaauts)
 A = Elapsed time spent in this place.
 B = Non-inter-level travel time spent in this place.
 C = Inter-level travel time spent in this place.
 D = Time resting spent in this place.
 E = Time spent auto-exploring this place.
 F = Levels seen in this place.
 G = Mean time per level.
                   A        B        C        D        E       F      G
               +--------+--------+--------+--------+--------+-----+--------+
         Total |   4756 |   4499 |    257 |    122 |   3753 |   4 | 1189.0 |
       Dungeon |   4756 |   4499 |    257 |    122 |   3753 |   4 | 1189.0 |
               +--------+--------+--------+--------+--------+-----+--------+

Top non-repeatable levels by time:
     D:3: 2171 daAuts
     D:1: 1237 daAuts
     D:2: 1221 daAuts
     D:4: 125 daAuts
